Map: 粉红之都 - 天梯版

Players

INnoVation

  • Race: Terran Terran
  • Spawn Location: 7:00

herO - Winner!

  • Race: Protoss Protoss
  • Spawn Location: 1:00

Event: 2018 Hangzhou StarCraft Carnival

VOD

Have the link to the VOD?

Description

Time

  • Played on: April 29, 2018, 7:31 a.m.
  • Length: 12:50

All games in this series

Show
View Real Time Build Order
Export as new Build Order

INnoVation Terran 

Build Orders: Reaper Expand, MMM Bio 

Get SALT Encoding   

  12  0:00  SCV  
  13  0:12  SCV  
  14  0:17  Supply Depot  
  14  0:25  SCV  
  15  0:39  SCV  
  15  0:41  Barracks  
  16  0:43  Refinery  
  16  0:51  SCV  
  17  1:03  SCV  
  18  1:15  SCV  
  19  1:28  Orbital Command  
  19  1:29  Reaper  
  20  1:40  Command Center  
  20  1:48  Supply Depot  
  20  1:54  SCV  
  21  2:01  Barracks Reactor  
  21  2:06  SCV  
  22  2:18  SCV  
  22  2:22  Command Center  
  23  2:30  SCV  
  23  2:31  Barracks  
  24  2:38  Marine x2  
  24  2:42  SCV  
  27  2:54  SCV, Orbital Command  
  27  2:57  Marine x2  
  28  3:06  SCV  
  28  3:09  Engineering Bay  
  29  3:14  Marine x2  
  29  3:18  SCV  
  29  3:19  Barracks Tech Lab  
  32  3:20  SCV  
  33  3:31  SCV  
  33  3:32  Marine x2, SCV  
  37  3:34  Orbital Command  
  37  3:37  Terran Infantry Weapons Level 1  
  37  3:42  Stimpack  
  37  3:45  Marauder  
  39  3:48  Missile Turret  
  39  3:50  SCV x2  
  39  3:53  Marine  
  39  3:55  Marine  
  43  3:57  Bunker  
  43  4:03  SCV x2  
  43  4:04  SCV  
  43  4:06  Marauder  
  48  4:12  Barracks  
  48  4:14  Marine x2  
  48  4:16  SCV x2  
  52  4:18  SCV  
  52  4:23  Factory  
  53  4:27  Refinery  
  53  4:28  SCV  
  53  4:29  Refinery  
  54  4:33  Marauder  
  54  4:37  SCV x2  
  60  4:40  SCV  
  60  4:41  Supply Depot  
  60  4:44  Refinery  
  59  4:47  Supply Depot  
  59  4:51  Missile Turret  
  59  4:53  SCV x2  
  59  4:59  Barracks  
  61  5:01  Barracks Tech Lab  
  61  5:02  SCV, Barracks  
  61  5:05  SCV x2  
  63  5:11  Starport  
  63  5:12  Factory Reactor  
  63  5:15  SCV, Supply Depot  
  63  5:17  SCV  
  63  5:18  SCV  
  63  5:19  Orbital Command  
  66  5:24  Marauder, Combat Shields  
  66  5:25  Marauder  
  66  5:28  Marine x2  
  72  5:31  SCV x2  
  72  5:35  Supply Depot  
  74  5:38  Terran Infantry Armor Level 1  
  74  5:42  Concussive Shells  
  74  5:43  SCV x2  
  74  5:45  SCV  
  74  5:48  Barracks Tech Lab, Barracks Reactor  
  74  5:49  Marine x2  
  77  5:50  Marine x2  
  77  5:52  Supply Depot  
  81  5:59  Supply Depot, Factory Reactor  
  81  6:04  SCV x3  
  81  6:07  Marine x3, Medivac x2  
  81  6:08  Marine  
  91  6:16  Supply Depot  
  91  6:17  Supply Depot  
  91  6:19  SCV x3  
  91  6:21  Supply Depot  
  91  6:25  Marine x2, Marauder  
  97  6:26  Marauder x2  
  102  6:33  SCV x3  
  102  6:35  Supply Depot  
  102  6:37  Medivac x2  
  102  6:39  Widow Mine x2  
  113  6:44  Supply Depot  
  112  6:48  SCV x3, Refinery  
  112  6:49  Refinery  
  112  6:53  Liberator  
  118  6:54  Marauder x3  
  118  6:55  Marine x3  
  118  6:56  Marine  
  118  6:59  Liberator  
  118  7:00  Widow Mine  
  118  7:01  Widow Mine  
  128  7:03  SCV x2, Supply Depot  
  128  7:04  SCV  
  131  7:15  Marine x4  
  136  7:16  Supply Depot  
  136  7:21  Marauder x2  
  145  7:23  Marauder  
  145  7:28  Widow Mine x2  
  147  7:38  Supply Depot  
  147  7:39  Supply Depot  
  147  7:40  Supply Depot  
  146  7:44  Missile Turret  
  134  8:00  SCV x3, Medivac x2  
  134  8:05  Supply Depot  
  141  8:07  Armory, Engineering Bay  
  141  8:09  Supply Depot, Marauder  
  141  8:10  Marauder x2  
  141  8:13  Marine x4, Liberator x2  
  141  8:15  SCV x3  
  136  8:25  Widow Mine x2  
  127  8:33  SCV x3  
  136  8:40  Marauder x2  
  136  8:41  Missile Turret, Marauder  
  142  8:42  Marine x3  
  142  8:44  Marine  
  146  8:55  Widow Mine x2  
  146  8:58  Liberator  
  146  9:05  Sensor Tower, Marine x3, Missile Turret, Marauder x2, Liberator  
  146  9:06  Marine, Marauder  
  146  9:08  Terran Ship Weapons Level 1  
  156  9:13  Ghost Academy  
  159  9:20  Missile Turret  
  161  9:30  Marauder x3  
  165  9:32  Marine x3  
  165  9:35  Widow Mine  
  165  9:36  Widow Mine  
  141  9:38  SCV x2  
  141  9:39  SCV  
  130  9:52  Marauder x3  
  129  9:53  SCV x2  
  129  9:56  Marine  
  129  9:57  Marine x3, Liberator  
  127  10:06  Widow Mine x2  
  86  10:07  Liberator  
  124  10:25  Marauder  
  124  10:26  Marauder  
  131  10:30  Widow Mine x2  
  135  10:39  Marine x4  
  136  10:55  Marauder x2  
  136  10:56  Marauder  
  133  11:04  Marine x3  
  131  11:07  Widow Mine x2, Orbital Command  
  133  11:12  Medivac x2  
  133  11:17  Marine, Marauder x3  
  132  11:22  Marine x3  
  133  11:37  Widow Mine  
  133  11:38  Widow Mine  
  137  11:40  Liberator x2, Marauder x2  
  137  11:46  Marauder  
  143  11:50  Marine x4  
  142  12:00  Widow Mine  
  148  12:05  Supply Depot  
  148  12:07  Widow Mine, Marauder x2  
  148  12:08  Marauder  
  156  12:12  Marine x4  
  118  12:28  Marauder x2  
  99  12:30  Marine x3  
Show
View Real Time Build Order
Export as new Build Order

herO Protoss - Winner!

Build Orders: 1 Gate Expand, Double Forge, Blink Stalkers, Chargelot Immortal 

Get SALT Encoding   

  12  0:00  Probe  
  13  0:13  Probe  
  14  0:17  Pylon  
  14  0:24  Probe  
  15  0:32  Probe  
  15  0:40  Probe  
  15  0:42  Gateway  
  16  0:46  Assimilator  
  17  0:51  Probe  
  18  1:03  Probe  
  19  1:15  Probe  
  20  1:22  Nexus  
  20  1:32  Cybernetics Core  
  20  1:35  Probe  
  20  1:39  Assimilator  
  22  1:47  Probe  
  22  1:51  Pylon  
  22  1:59  Probe  
  22  2:00  Adept  
  23  2:09  Warp Gate  
  23  2:11  Probe  
  26  2:18  Twilight Council  
  26  2:23  Probe  
  26  2:27  Stalker  
  29  2:31  Probe x2  
  31  2:39  Probe x2  
  33  2:49  Probe x2  
  34  2:57  Blink  
  35  3:01  Probe x2  
  37  3:13  Probe x2  
  37  3:18  Sentry  
  40  3:27  Nexus  
  40  3:28  Probe  
  40  3:29  Probe  
  40  3:34  Pylon  
  42  3:40  Probe  
  43  3:41  Probe  
  43  3:45  Forge  
  44  3:49  Forge  
  44  3:53  Probe x2  
  46  3:58  Assimilator  
  46  4:01  Probe x2  
  46  4:03  Pylon  
  46  4:08  Protoss Ground Weapons Level 1  
  46  4:09  Probe x2, Protoss Ground Armor Level 1  
  48  4:14  Sentry  
  52  4:18  Gateway  
  52  4:19  Gateway  
  52  4:20  Probe  
  52  4:21  Probe  
  54  4:33  Probe  
  54  4:34  Probe  
  54  4:38  Pylon  
  56  4:40  Sentry  
  56  4:41  Probe  
  59  4:45  Probe  
  59  4:46  Probe  
  59  4:51  Robotics Facility, Probe  
  61  4:59  Probe x3  
  64  5:01  Charge  
  64  5:03  Stalker  
  67  5:08  Probe  
  67  5:11  Probe  
  67  5:12  Probe  
  70  5:18  Pylon  
  70  5:20  Probe  
  71  5:21  Gateway  
  71  5:22  Gateway  
  71  5:23  Probe  
  71  5:24  Probe  
  71  5:30  Stalker x2  
  71  5:31  Stalker  
  77  5:38  Gateway  
  77  5:39  Gateway  
  77  5:40  Warp Prism  
  79  5:43  Protoss Ground Weapons Level 2  
  79  5:44  Gateway, Protoss Ground Armor Level 2  
  79  5:48  Pylon  
  79  5:54  Pylon  
  79  5:57  Zealot, Sentry  
  79  5:58  Zealot, Pylon, Phoenix  
  85  6:06  Pylon  
  85  6:09  Pylon  
  85  6:15  Zealot  
  85  6:18  Pylon, Immortal  
  91  6:20  Zealot x2  
  95  6:26  Colossus  
  95  6:29  Zealot x2  
  95  6:32  Pylon x2  
  99  6:37  Stalker x3  
  105  6:48  Stalker  
  105  6:53  Zealot x4  
  115  7:02  Stalker x3  
  121  7:10  Nexus  
  121  7:12  Pylon  
  121  7:15  Zealot x2  
  128  7:17  Zealot x3  
  128  7:21  Protoss Ground Weapons Level 3, Protoss Ground Armor Level 3  
  125  7:39  Zealot  
  125  7:40  Zealot x7  
  125  7:42  Probe x3  
  122  8:01  Zealot x7  
  122  8:03  Zealot  
  100  8:29  Zealot, Stalker x6  
  100  8:30  Zealot  
  116  8:44  Immortal  
  116  8:45  Gateway  
  116  8:46  Gateway  
  120  8:54  Zealot x6  
  132  8:58  Zealot x2  
  136  9:07  Pylon  
  136  9:22  Zealot x8  
  136  9:23  Immortal  
  124  9:43  Zealot, Stalker x6  
  124  9:44  Zealot  
  126  9:47  Zealot  
  126  9:49  Zealot  
  126  9:54  Protoss Shields Level 1  
  126  9:59  Immortal  
  108  10:11  Zealot x6, Stalker x3  
  108  10:12  Zealot  
  128  10:27  Nexus  
  128  10:29  Pylon  
  126  10:41  Stalker x3  
  126  10:42  Zealot x5  
  142  10:44  Zealot  
  130  11:03  Warp Prism  
  128  11:07  Zealot x9  
  128  11:08  Stalker  
  138  11:20  Dark Shrine  
  132  11:31  Zealot x8, Sentry x2  
  152  12:00  Zealot x5, Stalker x5  
  136  12:23  Stalker x4  
  136  12:25  Zealot x6  
Tags
 
Add a new tag
Caveats
  • Supply blocks, unpowered buildings, or Contaminate may cause inaccurate times.
  • Supply counts are checked every 10 seconds.